 Dungeon Crawl Stone Soup version 0.19-a0-174-g09de571 (webtiles) character file.

9150 aurelian the Destroyer (level 11, -10/63 HPs)
             Began as a Tengu Conjurer on May 22, 2016.
             Was an Elder of Vehumet.
             Mangled by an ettin
             ... wielding a +0 dire flail
              (43 damage)
             ... on level 10 of the Dungeon.
             The game lasted 00:42:35 (15105 turns).

aurelian the Destroyer (Tengu Conjurer)            Turns: 15105, Time: 00:42:36

Health: -10/63     AC:  7    Str:  9    XL:     11   Next: 42%
Magic:  17/33      EV: 15    Int: 23    God:    Vehumet [****..]
Gold:   667        SH:  0    Dex: 15    Spells: 7 memorised, 3 levels left

rFire  + . .     SeeInvis .     k - +5 short sword "Vakuaf" {pierce, MP+9 Int+5}
rCold  . . .     Gourm    .     W - +2 robe {rF+}
rNeg   . . .     Faith    .     (no shield)
rPois  .         Spirit   .     F - +1 hat
rElec  .         Dismiss  .     V - +0 cloak
rCorr  .         Reflect  .     T - +0 pair of gloves (curse)
SustAt .         Harm     +     (boots unavailable)
MR     +....                    G - amulet of harm
Stlth  +++.......               M - ring of wizardry
                                y - ring of protection from magic

@: somewhat resistant to hostile enchantments, fairly stealthy
A: beak, claws 1, talons 3, regeneration 1, screaming 1, able to fly 1
a: Fly, Renounce Religion


You were on level 10 of the Dungeon.
You worshipped Vehumet.
Vehumet was greatly pleased with you.
You were very hungry.

You visited 1 branch of the dungeon, and saw 10 of its levels.

You collected 667 gold pieces.

Inventory:

Hand Weapons
 e - a +0 hunting sling
 k - the +5 short sword "Vakuaf" (weapon) {pierce, MP+9 Int+5}
   (You found it on level 8 of the Dungeon)

   It inflicts extra damage upon your enemies.
   It affects your intelligence (+5).
   It affects your magic capacity (+9).
 N - a +3 quarterstaff of speed
Missiles
 m - 343 stones (quivered)
 H - 2 throwing nets
 S - 42 sling bullets
Armour
 F - a +1 hat (worn)
 T - a cursed +0 pair of gloves (worn)
 V - a +0 cloak (worn)
 W - a +2 robe of fire resistance (worn)
Jewellery
 y - a ring of protection from magic (left hand)
 G - an amulet of harm (around neck)
 K - an uncursed ring of protection from fire
 M - a ring of wizardry (right hand)
 O - an uncursed ring of protection from magic
Wands
 p - a wand of flame (21/48)
 E - a wand of lightning (0/15)
Scrolls
 a - a scroll of brand weapon {unknown}
 h - 2 scrolls of noise
 i - a scroll of magic mapping
 j - a scroll of fear {unknown}
 n - a scroll of teleportation
 o - 5 scrolls of immolation
 s - a scroll of random uselessness
 u - a scroll of enchant armour {unknown}
 v - 2 scrolls of fog
 w - a scroll of blinking
 z - a scroll of identify
 A - 2 scrolls of recharging {unknown}
 D - a scroll of amnesia {unknown}
 R - 3 scrolls of remove curse
 Z - a scroll of enchant weapon
Potions
 d - a potion of ambrosia {unknown}
 f - 3 potions of might
 g - a potion of agility
 t - 3 potions of curing
 x - a potion of degeneration {unknown}
 B - 2 potions of mutation
 I - 3 potions of lignification {unknown}
 P - 2 potions of brilliance
 U - a potion of heal wounds {unknown}
 Y - a potion of flight {unknown}
Books
 L - a book of Dreams

   Spells                             Type                      Level
   a - Ensorcelled Hibernation        Hexes/Ice                    2
   b - Silence                        Hexes/Air                    5
   c - Darkness                       Hexes                        6
   d - Shadow Creatures               Summoning                    6
 X - a book of Air

   Spells                             Type                      Level
   a - Shock                          Conjuration/Air              1
   b - Swiftness                      Charms/Air                   2
   c - Repel Missiles                 Charms/Air                   2
   d - Static Discharge               Conjuration/Air              3
   e - Lightning Bolt                 Conjuration/Air              5
Comestibles
 b - a slice of pizza
 c - 9 bread rations
 C - 3 meat rations
 Q - 5 beef jerkies


   Skills:
 - Level 5.0 Fighting
 - Level 6.1 Dodging
 - Level 5.3 Stealth
 + Level 8.2 Spellcasting
 - Level 13.0 Conjurations
 - Level 6.0 Charms
 + Level 5.0 Air Magic


You had 3 spell levels left.
You knew the following spells:

 Your Spells              Type           Power        Failure   Level  Hunger
a - Magic Dart            Conj           ####         1%          1    None
b - Searing Ray           Conj           ######       1%          2    None
c - Dazzling Spray        Conj/Hex       #####.       1%          3    None
d - Iskenderun's Mystic   Conj           ######..     1%          4    ###....
e - Iskenderun's Battles  Conj/Chrm      ######..     1%          5    #####..
f - Mephitic Cloud        Conj/Pois/Air  #####...     1%          3    None
g - Lightning Bolt        Conj/Air       ######....   1%          5    #####..


Dungeon Overview and Level Annotations

Branches:
Dungeon (10/15)            Temple (0/1) D:5
   Lair: D:8-11         Orc: D:9-12

Altars:
Ashenzari
Cheibriados
Dithmenos
Fedhas
Gozag
Okawaru
Qazlal
Ru
Trog
Vehumet
Yredelemnul
Zin
The Shining One

Annotations:
D:4 Dowan, Duvessa
D:8 Grum, Maurice, Pikel


Innate Abilities, Weirdness & Mutations

You have a beak for a mouth.
You have claws for feet.
You can fly.
You have sharp fingernails.
Your natural rate of healing is unusually fast.
You occasionally shout uncontrollably at your foes.


Message History

The orb of energy explodes!
You are feeling very hungry.
You hear a shout!
Your battlesphere fires!
The barrage of energy hits the ettin.
The ettin is heavily wounded.
The ettin completely misses you. The ettin hits you with a dire flail!!
Casting: Iskenderun's Mystic Blast
Confirm with . or Enter, or press ? or * to list all spells.
Aiming: Iskenderun's Mystic Blast
Press: ? - help, Shift-Dir - straight line, f/p - ettin
Aim: an ettin, wielding two dire flails (heavily wounded)
The orb of energy hits the ettin.
The ettin is severely wounded.
Your battlesphere fires!
The barrage of energy hits the ettin.
The ettin is severely wounded.
The ettin closely misses you. The ettin hits you with a dire flail!!
Ouch! That really hurt!
You die...

#.# ###...........# # #.#
#...........### #.###
#.....>)....##. ##...#
#...........##.
##..#.#######...........'..
#.....).....)...........###
#.##########............#
#.'..#..#*.#.#######'####
#.#..'..'.@#.# #...#
#.#######C##.# ###.# ###.#
#. #.# #######'#### #...#
#. #.# #..........# #...#
#' #.# #.........[# #...#
'. #.# #..........# #...#
#. #.# #..........#
#...##########.#
#..........#
#..............#
#..........#


You could see an ettin and a friendly battlesphere.

Vanquished Creatures
  Nergalle (D:9)
  An orange crystal statue (D:8)
  A hill giant (D:10)
  A centaur zombie (D:9)
  Joseph (D:7)
  A two-headed ogre (D:9)
  Grinder (D:4)
  3 yaks (D:10)
  2 wyverns
  Eustachio (D:4)
  2 hippogriffs
  Menkaure (D:4)
  A hungry ghost (D:7)
  3 phantoms
  3 sky beasts
  2 slaves (D:7)
  2 ice beasts
  5 orc warriors
  5 ogres
  4 black bears
  A necrophage (D:8)
  A wolf (D:8)
  7 centaurs
  A crocodile (D:9)
  6 giant frogs
  5 scorpions
  5 killer bees (D:9)
  3 wights (D:10)
  5 howler monkeys
  An electric eel (D:6)
  7 crimson imps
  2 hounds
  2 jellies
  11 orc wizards
  4 orc priests
  Crazy Yiuf (D:7)
  2 giant frog skeletons (D:7)
  Jessica (D:3)
  2 worker ants
  A hound skeleton (D:4)
  A worker ant zombie (D:6)
  8 gnolls
  11 adders
  3 shadow imps
  3 oozes
  An adder skeleton (D:9)
  2 adder zombies
  A worm (D:4)
  2 dart slugs (D:3)
  6 giant geckos
  45 orcs
  8 giant cockroaches
  2 gnoll zombies (D:2)
  13 goblins
  5 hobgoblins
  10 jackals
  6 kobolds
  10 quokkas
  6 bats
  5 giant newts
  9 rats
266 creatures vanquished.

Notes
Turn   | Place    | Note
--------------------------------------------------------------
     0 | D:1      | aurelian the Tengu Conjurer began the quest for the Orb.
     0 | D:1      | Reached XP level 1. HP: 10/10 MP: 4/4
   266 | D:1      | Reached XP level 2. HP: 15/15 MP: 3/6
   864 | D:1      | Reached XP level 3. HP: 19/19 MP: 0/7
   933 | D:1      | Reached skill level 6 in Conjurations
   982 | D:1      | Learned a level 2 spell: Searing Ray
  1111 | D:2      | Found a shattered altar of Ashenzari.
  1138 | D:2      | Found a stormy altar of Qazlal.
  1599 | D:2      | Reached XP level 4. HP: 24/24 MP: 4/9
  1711 | D:2      | Found a basalt altar of Yredelemnul.
  2033 | D:2      | Found an iron altar of Okawaru.
  2090 | D:3      | Upgraded the game from 0.19-a0-172-g3b1235c to 0.19-a0-174-g09de571
  2094 | D:3      | Learned a level 3 spell: Dazzling Spray
  2180 | D:3      | Noticed Jessica
  2464 | D:3      | Killed Jessica
  2464 | D:3      | Gained mutation: You can fly. [Tengu growth]
  2464 | D:3      | Reached XP level 5. HP: 28/28 MP: 8/11
  2622 | D:3      | Noticed a black bear
  2679 | D:3      | Killed a black bear
  2679 | D:3      | Reached skill level 7 in Conjurations
  2783 | D:3      | Learned a level 4 spell: Iskenderun's Mystic Blast
  2933 | D:3      | Reached XP level 6. HP: 32/32 MP: 6/13
  2994 | D:3      | Found a sacrificial altar of Ru.
  3040 | D:3      | Found a glowing silver altar of Zin.
  3042 | D:3      | Found a glowing golden altar of the Shining One.
  3073 | D:4      | Noticed Eustachio
  3650 | D:4      | Noticed Grinder
  3660 | D:4      | Killed Grinder
  3660 | D:4      | Reached skill level 5 in Spellcasting
  3660 | D:4      | Reached skill level 8 in Conjurations
  3660 | D:4      | Reached XP level 7. HP: 36/36 MP: 11/15
  3695 | D:4      | Learned a level 5 spell: Iskenderun's Battlesphere
  3904 | D:4      | Noticed Dowan
  3995 | D:4      | Noticed Menkaure
  3999 | D:4      | Killed Menkaure
  3999 | D:4      | Reached skill level 1 in Charms
  4367 | D:4      | Noticed Duvessa
  4711 | D:3      | Reached skill level 9 in Conjurations
  4978 | D:4      | Killed Eustachio
  4978 | D:4      | Reached XP level 8. HP: 34/41 MP: 1/17
  5486 | D:5      | Entered Level 5 of the Dungeon
  6043 | D:5      | Found a radiant altar of Vehumet.
  6062 | D:5      | Became a worshipper of Vehumet
  6311 | D:5      | Found an opulent altar of Gozag.
  6465 | D:5      | Found a staircase to the Ecumenical Temple.
  6901 | D:5      | Reached skill level 10 in Conjurations
  7111 | D:6      | Found a snail-covered altar of Cheibriados.
  7220 | D:6      | Found a blossoming altar of Fedhas.
  7707 | D:6      | Reached skill level 11 in Conjurations
  7707 | D:6      | Reached XP level 9. HP: 40/45 MP: 5/19
  8115 | D:6      | Reached * piety under Vehumet
  8115 | D:6      | Offered knowledge of Sandblast by Vehumet.
  8122 | D:6      | Reached skill level 5 in Charms
  8437 | D:6      | Found a shadowy altar of Dithmenos.
  9125 | D:7      | Noticed Joseph
  9154 | D:7      | Killed Joseph
  9154 | D:7      | Reached skill level 12 in Conjurations
 10317 | D:6      | Reached XP level 10. HP: 43/50 MP: 14/20
 10581 | D:7      | Noticed Crazy Yiuf
 10584 | D:7      | Killed Crazy Yiuf
 10705 | D:7      | Gained mutation: You occasionally shout uncontrollably at your foes. [mutagenic meat]
 10706 | D:7      | Gained mutation: Your natural rate of healing is unusually fast. [mutagenic meat]
 10707 | D:7      | Gained mutation: You can translocate small distances at will. [mutagenic meat]
 10708 | D:7      | Gained mutation: You are occasionally teleported next to monsters. [mutagenic meat]
 10709 | D:7      | Gained mutation: You have sharp fingernails. [mutagenic meat]
 10710 | D:7      | Gained mutation: Your body sometimes deteriorates upon taking damage. [mutagenic meat]
 10711 | D:7      | Lost mutation: You are occasionally teleported next to monsters. [potion of cure mutation]
 10711 | D:7      | Lost mutation: Your body sometimes deteriorates upon taking damage. [potion of cure mutation]
 10711 | D:7      | Lost mutation: You can translocate small distances at will. [potion of cure mutation]
 10806 | D:7      | Reached skill level 13 in Conjurations
 10983 | D:8      | Reached skill level 1 in Fighting
 11236 | D:8      | Found a shadowy altar of Dithmenos.
 11252 | D:8      | Noticed Pikel
 11358 | D:8      | Offered knowledge of Freeze by Vehumet.
 11559 | D:8      | Noticed an orange crystal statue
 11669 | D:8      | Killed an orange crystal statue
 11669 | D:8      | Reached skill level 5 in Stealth
 11770 | D:8      | Got a twisted short sword
 11771 | D:8      | Identified the +5 short sword "Vakuaf" {pierce, MP+9 Int+5} (You found it on level 8 of the Dungeon)
 11854 | D:8      | Reached ** piety under Vehumet
 11857 | D:8      | Noticed Maurice
 11860 | D:8      | Noticed Grum
 11897 | D:8      | HP: 2/54 [wolf[Grum] (11)]
 12982 | D:9      | Reached skill level 5 in Dodging
 13177 | D:9      | Offered knowledge of Mephitic Cloud by Vehumet.
 13185 | D:9      | Learned a level 3 spell: Mephitic Cloud
 13331 | D:9      | Reached *** piety under Vehumet
 13490 | D:9      | Learned a level 5 spell: Lightning Bolt
 13502 | D:9      | Reached XP level 11. HP: 62/62 MP: 22/22
 13641 | D:9      | Offered knowledge of Inner Flame by Vehumet.
 13805 | D:9      | Found a bloodstained altar of Trog.
 13822 | D:9      | Reached skill level 5 in Fighting
 13942 | D:9      | Reached skill level 1 in Air Magic
 14080 | D:10     | Entered Level 10 of the Dungeon
 14080 | D:10     | Noticed Nergalle
 14086 | D:9      | Killed Nergalle
 14521 | D:10     | Noticed a hill giant
 14525 | D:10     | Killed a hill giant
 14618 | D:10     | Found a runed door.
 15038 | D:10     | Reached **** piety under Vehumet
 15038 | D:10     | Reached skill level 5 in Air Magic
 15102 | D:10     | Noticed an ettin
 15105 | D:10     | Mangled by an ettin

Vault maps used:
D:1:      minmay_arrival_arboretum_large
D:2:      lemuel_zombie_altar_yredelemnul, ashenzari_conservatory_becter,
          lemuel_coloured_pillars_altar, old_standard_altar
D:3:      gammafunk_temple_overflow_pools, lemuel_crystal_altar,
          serial_bayou_crossing, uniq_jessica
D:4:      hangedman_decor_clover_reticule, uniq_eustachio, uniq_grinder,
          uniq_duvessa, uniq_menkaure
D:5:      nicolae_overflow_crystal_walls, nicolae_overflow_hidden_temple,
          minmay_temple_entry_nine_rooms, first_bread
D:6:      kennysheep_mini, lemuel_doored_altar, basic_altar,
          serial_bayou_ford_a, amalloy_card_club
D:7:      grunt_ogre_cave, uniq_crazy_yiuf_cottage, uniq_joseph
D:8:      minmay_statue_hallways, grunt_dithmenos_shadows, uniq_maurice,
          uniq_grum, uniq_pikel
D:9:      bloody_trog
D:10:     st_stairs_11, small_statue_intersection, minivault_13, uniq_nergalle

Skill      XL: |  1  2  3  4  5  6  7  8  9 10 11 |
---------------+----------------------------------+-----
Conjurations   | 6 7 8 9 11 12 13 | 13.0
Spellcasting   | 3 4 5 6 7 8 |  8.2
Charms         | 2 4 6 |  6.0
Stealth        | 3 5 |  5.3
Fighting       | 4 5 |  5.0
Dodging        | 5 6 |  6.1
Air Magic      | 5 |  5.0

Action                   |  1- 3 |  4- 6 |  7- 9 | 10-12 || total
-------------------------+-------+-------+-------+-------++-------
Melee: Short sword       |       |       |     1 |     1 ||     2
       Quarterstaff      |       |       |       |     3 ||     3
       Peck              |       |       |       |     1 ||     1
 Cast: Magic Dart        |    70 |    61 |   114 |   157 ||   402
       Searing Ray       |       |     9 |    55 |    16 ||    80
       Dazzling Spray    |       |     3 |    15 |     7 ||    25
       Iskenderun's Myst |       |       |    27 |    56 ||    83
       Iskenderun's Batt |       |       |       |    27 ||    27
       Mephitic Cloud    |       |       |       |     3 ||     3
Evoke: Wand              |       |     2 |       |       ||     2
  Use: Scroll            |       |     9 |     2 |    12 ||    23
       Potion            |       |     1 |       |     2 ||     3
 Stab: Sleeping          |       |       |       |     1 ||     1
  Eat: Chunk             |     3 |     5 |    23 |    27 ||    58
       Beef jerky        |       |     1 |       |     2 ||     3
       Fruit             |       |       |     2 |     2 ||     4
       Royal jelly       |       |       |       |     1 ||     1
Armor: Robe              |     1 |     4 |    11 |    27 ||    43
Dodge: Dodged            |     1 |    19 |    41 |    66 ||   127
